 Dungeon Sprint DCSS version 0.19.0-2-gae57169 (webtiles) character file.

622 LORDOFBUTT the Imperceptible (level 7, -1/33 HPs)
             Began as a Spriggan Assassin on Nov 2, 2016.
             Slain by a hippogriff (6 damage)
             ... in the Dungeon (Sprint II: "The Violet Keep of Menkaure").
             The game lasted 00:01:00 (414 turns).

LORDOFBUTT the Imperceptible (Spriggan Assassin)     Turns: 414, Time: 00:01:01

Health: -1/33      AC:  3    Str:  7    XL:     7   Next: 22%
Magic:  8/8        EV: 17    Int: 13    God:
Gold:   486        SH:  0    Dex: 19    Spells: 0 memorised, 6 levels left

rFire  . . .     SeeInvis +     b - +0 blowgun
rCold  . . .     Gourm    .     c - +0 robe
rNeg   . . .     Faith    .     (shield restricted)
rPois  .         Spirit   .     (helmet restricted)
rElec  .         Reflect  .     d - +0 cloak
rCorr  .         Harm     .     (gloves unavailable)
MR     +....     NoTele   +     (boots unavailable)
Stlth  ++++++++..               (no amulet)
                                (no ring)
                                (no ring)

@: very quick
A: unfitting armour, see invisible, herbivore 3, speed 3, slow metabolism 2
a: no special abilities


You were in the Dungeon.
You were not hungry.

You visited 1 branch You collected 486 gold pieces.

Inventory:

Hand Weapons
 a - a +2 dagger
 b - a +0 blowgun (weapon)
Missiles
 e - 7 poisoned needles (quivered)
 f - 2 curare-tipped needles
Armour
 c - a +0 robe (worn)
 d - a +0 cloak (worn)
Scrolls
 m - a scroll of blinking
Potions
 j - a potion of haste
 k - 2 potions of magic
Comestibles
 g - a bread ration


   Skills:
 - Level 1.5 Fighting
 - Level 2.1 Short Blades
 - Level 2.0 Throwing
 - Level 1.5 Dodging
 + Level 21.8 Stealth


You had 6 spell levels left.
You didn't know any spells.

Dungeon Overview and Level Annotations

Branches:
Dungeon (1/1)

Altars:


Innate Abilities, Weirdness & Mutations

You are very small and have problems with some larger weapons.
You are too small for most types of armour.
You have supernaturally acute eyesight. (SInv)
You are a herbivore.
You cover ground extremely quickly.
You need consume almost no food.


Message History

The hippogriff screeches!
You hear a screech!
The hippogriff bites you. The hippogriff closely misses you.
The hippogriff claws you.
You see here 243 gold pieces.
You closely miss the hippogriff. The hippogriff barely misses you.
The hippogriff completely misses you. The hippogriff claws you.
Wield which item (- for none, * to show all)? (? for menu, Esc to quit)
b - a +0 blowgun (weapon)
The hippogriff barely misses you. The hippogriff pecks you.
The hippogriff claws you!
Firing (i - inventory. (,) - cycle):
e - 8 poisoned needles (quivered)
Press: ? - help, Shift-Dir - straight line, f - hippogriff
Aim: a hippogriff You shoot a poisoned needle.
The poisoned needle closely misses the hippogriff.
The hippogriff bites you.
* * * LOW HITPOINT WARNING * * *
The hippogriff pecks you but does no damage.
The hippogriff claws you.
You die...

## ## #H###H#
####@#.# ##
#.###H###.##
##†.##.##...#
+.##'.<.÷.#
##..##.##...#
#.###+###.##
####.#w# ##
#..#..#
##.#.##


You could see 2 hippogriffs.

Vanquished Creatures
  A tyrant leech (D)
  4 necrophages (D)
  4 worker ants (D)
9 creatures vanquished.

Vanquished Creatures (others)
  A crocodile (D)
1 creature vanquished.

Grand Total: 10 creatures vanquished

Notes
Turn   | Place    | Note
-------+----------+-------------------------------------------
     0 | D        | LORDOFBUTT the Spriggan Assassin began the quest for the Orb.
     0 | D        | Reached XP level 1. HP: 10/10 MP: 2/2
     1 | D        | Noticed a necrophage
     1 | D        | Noticed a necrophage
     1 | D        | Noticed a necrophage
     1 | D        | Noticed a necrophage
    31 | D        | Killed a necrophage
    31 | D        | Reached skill level 13 in Stealth
    31 | D        | Reached XP level 2. HP: 4/13 MP: 3/3
    31 | D        | Reached XP level 3. HP: 5/17 MP: 4/4
    31 | D        | Reached XP level 4. HP: 6/21 MP: 5/5
    39 | D        | Killed a necrophage
    39 | D        | Reached skill level 16 in Stealth
    39 | D        | Reached XP level 5. HP: 23/23 MP: 6/6
    45 | D        | Killed a necrophage
    45 | D        | Reached skill level 18 in Stealth
    51 | D        | Killed a necrophage
    51 | D        | Reached skill level 19 in Stealth
    51 | D        | Reached XP level 6. HP: 25/26 MP: 7/7
   160 | D        | Noticed a tyrant leech
   160 | D        | Noticed a tyrant leech
   163 | D        | Killed a tyrant leech
   163 | D        | Reached skill level 21 in Stealth
   163 | D        | Reached XP level 7. HP: 33/33 MP: 8/8
   409 | D        | Noticed a hippogriff
   409 | D        | Noticed a hippogriff
   414 | D        | Slain by a hippogriff

Skill      XL: |  1  2  3  4  5  6 |
---------------+-------------------+-----
Stealth        | 13 16 19 21 | 21.8
Fighting       | |  1.5
Short Blades   | |  2.1
Throwing       | |  2.0
Dodging        | |  1.5

Action                   |  1- 3 |  4- 6 |  7- 9 || total
-------------------------+-------+-------+-------++-------
Melee: Dagger            |    25 |    18 |     5 ||    48
 Fire: Blowgun           |       |       |     1 ||     1
  Use: Potion            |       |     3 |       ||     3
 Stab: Sleeping          |       |     1 |     4 ||     5
Armor: Robe              |     3 |       |     1 ||     4
Dodge: Dodged            |    16 |     5 |     4 ||    25
